Map: Apotheosis LE

Players

RusBear

  • Race: Protoss Protoss
  • League: Diamond

Tenonee - Winner!

  • Race: Terran Terran

VOD

Have the link to the VOD?

Description

Time

  • Played on: July 18, 2016, 3:08 p.m.
  • Length: 21:08
Show
View Real Time Build Order
Export as new Build Order

RusBear Protoss 

Build Orders: Double Forge, Oracle Opening 

Get SALT Encoding   

  12  0:01  Probe (Chrono Boost)  
  13  0:16  Probe (Chrono Boost)  
  13  0:20  Pylon  
  14  0:26  Probe (Chrono Boost)  
  15  0:39  Probe (Chrono Boost)  
  15  0:41  Gateway  
  16  0:44  Assimilator  
  16  0:50  Probe (Chrono Boost)  
  17  1:01  Assimilator  
  17  1:02  Probe (Chrono Boost)  
  18  1:12  Probe (Chrono Boost)  
  19  1:23  Probe (Chrono Boost)  
  20  1:30  Cybernetics Core  
  21  1:40  Probe (Chrono Boost)  
  21  1:46  Pylon  
  21  1:50  Probe (Chrono Boost)  
  21  1:51  Pylon  
  22  2:01  Probe (Chrono Boost)  
  23  2:07  Warp Gate  
  23  2:09  Stargate  
  23  2:19  Mothership Core (Chrono Boost)  
  23  2:22  Adept  
  27  2:45  Nexus  
  26  3:17  Oracle  
  26  3:21  Gateway  
  29  3:33  Twilight Council  
  29  3:47  Pylon  
  29  3:48  Forge  
  29  3:51  Forge  
  29  3:52  Probe (Chrono Boost)  
  30  4:00  Oracle  
  30  4:08  Probe (Chrono Boost)  
  30  4:09  Resonating Glaives  
  31  4:21  Protoss Ground Weapons Level 1  
  31  4:23  Probe (Chrono Boost)  
  33  4:24  Probe (Chrono Boost)  
  33  4:33  Probe (Chrono Boost)  
  33  4:36  Probe (Chrono Boost)  
  35  4:51  Protoss Ground Armor Level 1  
  32  5:02  Probe (Chrono Boost), Oracle  
  32  5:03  Probe (Chrono Boost)  
  37  5:12  Gateway  
  37  5:16  Gateway  
  37  5:19  Gateway  
  37  5:33  Probe (Chrono Boost)  
  37  5:34  Probe (Chrono Boost), Assimilator  
  39  5:36  Assimilator  
  39  5:41  Gateway  
  39  5:45  Probe (Chrono Boost)  
  39  5:46  Probe (Chrono Boost)  
  40  5:55  Pylon  
  40  5:56  Adept x2  
  42  5:57  Probe (Chrono Boost)  
  42  6:14  Adept x2  
  46  6:19  Gateway  
  46  6:22  Gateway  
  46  6:24  Protoss Ground Weapons Level 2  
  46  6:29  Pylon  
  46  6:32  Adept  
  48  6:34  Adept  
  48  6:39  Probe (Chrono Boost)  
  51  6:42  Protoss Ground Armor Level 2  
  51  6:51  Probe (Chrono Boost)  
  51  6:52  Probe (Chrono Boost)  
  53  6:54  Pylon  
  53  7:05  Templar Archives  
  54  7:10  Probe (Chrono Boost)  
  54  7:13  Adept x3  
  60  7:20  Adept  
  60  7:21  Adept  
  64  7:35  Adept x4  
  55  8:26  High Templar x2  
  49  8:35  Pylon  
  49  8:46  Psionic Storm  
  43  8:49  Stalker  
  43  8:50  Adept x4  
  43  8:51  Adept  
  43  8:53  Probe (Chrono Boost)  
  43  8:54  Probe (Chrono Boost)  
  57  8:58  Archon  
  57  9:05  Probe (Chrono Boost)  
  57  9:06  Probe (Chrono Boost)  
  61  9:18  Probe x2 (Chrono Boost), Nexus  
  61  9:19  Pylon  
  61  9:21  High Templar  
  61  9:22  High Templar, Pylon  
  65  9:29  Charge  
  65  9:32  Zealot x2  
  65  9:33  Zealot x4  
  77  9:47  Pylon  
  77  9:51  Gateway  
  77  9:53  Gateway  
  72  10:00  Zealot  
  72  10:01  Zealot x4  
  54  10:15  Zealot  
  54  10:18  Stalker  
  54  10:20  Stalker  
  56  10:39  Probe (Chrono Boost)  
  56  10:41  Probe x2 (Chrono Boost)  
  60  10:50  Probe (Chrono Boost)  
  60  10:53  Probe x2 (Chrono Boost)  
  62  11:00  Probe (Chrono Boost)  
  63  11:05  Pylon  
  63  11:17  Zealot x5  
  73  11:20  High Templar x2  
  73  11:25  Probe (Chrono Boost)  
  78  11:28  Assimilator  
  78  11:32  High Templar x2  
  82  11:40  Photon Cannon  
  73  11:55  Archon x2  
  65  12:03  Zealot x3  
  65  12:04  Zealot x4  
  79  12:13  Zealot  
  79  12:14  High Templar  
  77  12:17  High Templar  
  77  12:45  High Templar  
  77  12:46  Zealot x8  
  77  12:50  Probe x2 (Chrono Boost)  
  98  12:52  Probe (Chrono Boost)  
  98  12:53  Protoss Ground Weapons Level 3  
  98  13:01  Probe (Chrono Boost)  
  98  13:02  Probe (Chrono Boost)  
  98  13:04  Probe (Chrono Boost)  
  101  13:11  Probe (Chrono Boost)  
  102  13:14  Probe (Chrono Boost)  
  102  13:16  Probe (Chrono Boost)  
  104  13:26  Probe (Chrono Boost)  
  93  13:33  Pylon  
  48  13:44  High Templar  
  48  13:45  Zealot x5  
  48  13:47  Protoss Ground Armor Level 3  
  60  13:53  Zealot x2  
  60  13:54  Zealot x2  
  68  14:00  Probe (Chrono Boost)  
  68  14:01  Probe x2 (Chrono Boost), Assimilator  
  71  14:11  Probe (Chrono Boost)  
  71  14:13  Zealot x2, Probe (Chrono Boost)  
  71  14:14  Probe (Chrono Boost)  
  78  14:20  High Templar  
  78  14:21  Probe (Chrono Boost)  
  82  14:26  Probe (Chrono Boost), High Templar  
  82  14:27  Zealot  
  82  14:28  Zealot x2  
  90  14:35  Zealot x2  
  90  14:37  High Templar  
  96  14:57  Nexus  
  96  14:58  Pylon  
  96  15:07  Robotics Facility  
  96  15:17  Nexus  
  96  15:20  Pylon  
  96  15:21  Robotics Facility  
  96  15:27  Zealot x2  
  96  15:28  Zealot x2  
  104  15:38  High Templar x3, Dark Shrine  
  104  15:41  Zealot  
  112  16:00  Robotics Bay  
  112  16:03  Photon Cannon  
  104  16:12  Zealot x3  
  104  16:13  Zealot x3  
  102  16:30  Archon  
  86  16:37  Stalker x7  
  81  16:41  Blink  
  81  16:45  Photon Cannon  
  79  16:59  Protoss Shields Level 1  
  85  17:23  Assimilator  
  85  17:26  Assimilator  
  85  17:31  Disruptor  
  85  17:33  Disruptor  
  85  17:34  Zealot x6  
  85  17:35  Zealot  
  79  17:56  Dark Templar  
  79  17:57  Dark Templar  
  79  17:58  Zealot x4  
  65  18:28  Immortal  
  65  18:33  Robotics Bay  
  69  18:39  Gateway  
  69  18:40  Dark Templar x2  
  73  18:41  Zealot x3  
  73  18:44  High Templar  
  73  18:45  High Templar  
  83  18:49  Archon  
  83  18:53  High Templar x2  
  87  18:56  High Templar  
  87  18:59  Archon  
  89  19:05  Gateway  
  89  19:17  High Templar  
  89  19:23  High Templar x3  
  65  19:49  Observer  
  64  19:56  Nexus  
  60  20:04  Zealot  
  60  20:05  Zealot x2  
  58  20:20  Dark Templar  
  54  20:42  High Templar x2  
  56  20:49  Pylon  
  61  20:52  Archon  
  61  20:54  Stalker  
Show
View Real Time Build Order
Export as new Build Order

Tenonee Terran - Winner!

Build Orders: MMM Bio 

Get SALT Encoding   

  12  0:01  SCV  
  13  0:13  SCV  
  14  0:20  Supply Depot  
  14  0:27  SCV  
  15  0:42  SCV  
  16  0:46  Barracks  
  16  0:51  Refinery  
  16  0:54  SCV  
  17  1:06  SCV  
  19  1:18  SCV  
  19  1:29  Supply Depot  
  20  1:37  Orbital Command  
  20  1:38  Reaper  
  20  1:54  Command Center  
  20  2:03  SCV  
  21  2:11  Marine  
  22  2:15  SCV  
  23  2:25  Factory  
  23  2:28  SCV  
  23  2:29  Barracks  
  24  2:36  Refinery  
  24  2:40  Barracks Tech Lab, SCV  
  25  2:52  SCV  
  26  3:04  SCV  
  27  3:07  Marine  
  27  3:09  Stimpack  
  29  3:13  Orbital Command  
  29  3:16  SCV  
  29  3:18  Widow Mine  
  31  3:20  Marine  
  31  3:24  Marine  
  33  3:28  SCV  
  33  3:33  Starport  
  34  3:38  Marine, Refinery  
  35  3:44  SCV x2  
  35  3:47  Supply Depot  
  37  3:56  Marine  
  37  3:58  SCV x2  
  41  4:02  Widow Mine  
  41  4:06  Barracks Reactor  
  42  4:10  SCV  
  42  4:12  SCV  
  44  4:19  Medivac  
  44  4:22  SCV  
  47  4:24  SCV  
  47  4:25  Marine  
  47  4:30  Supply Depot  
  49  4:34  SCV  
  49  4:36  SCV  
  51  4:46  SCV  
  51  4:49  SCV  
  48  5:02  SCV x2  
  48  5:07  Command Center  
  50  5:14  SCV x2  
  50  5:20  Marine x2  
  55  5:25  Combat Shields, Marauder  
  55  5:26  SCV x2  
  55  5:28  Factory Tech Lab  
  58  5:29  Starport Reactor  
  58  5:37  Marine  
  58  5:38  Marine, SCV x2  
  58  5:41  Supply Depot  
  62  5:43  Supply Depot  
  62  5:46  Marine  
  61  5:50  SCV  
  62  6:03  Siege Tank, SCV x2  
  67  6:06  Engineering Bay  
  67  6:08  Engineering Bay  
  67  6:09  Supply Depot  
  67  6:11  Barracks x2  
  67  6:15  Refinery  
  67  6:19  Marine x3  
  70  6:28  SCV x2  
  70  6:32  Supply Depot x2  
  72  6:37  Marine  
  72  6:38  Marauder  
  72  6:39  Liberator  
  75  6:40  Terran Infantry Armor Level 1, Terran Infantry Weapons Level 1  
  75  6:43  Armory  
  75  6:50  Marine  
  76  6:55  Marine  
  76  6:56  Medivac  
  76  6:59  Barracks Tech Lab, Barracks Reactor, Marine  
  84  7:01  SCV x2  
  84  7:08  Marine  
  86  7:13  Marine, SCV x2  
  89  7:18  Marauder x2  
  93  7:26  Marine  
  93  7:30  Marine  
  87  7:39  Marauder x2  
  87  7:43  Marine  
  88  7:48  Marine  
  73  7:52  Marine x2  
  60  8:00  Marine x2  
  60  8:01  Marine  
  60  8:06  Marine  
  60  8:10  Marine x2  
  60  8:12  SCV x2  
  65  8:13  SCV  
  65  8:18  Marauder  
  65  8:19  Marine, Marauder  
  70  8:24  Marine, SCV  
  64  8:28  Marine  
  64  8:30  Orbital Command  
  65  8:46  SCV x2  
  67  8:48  Marauder  
  67  8:49  Marine  
  69  8:58  SCV  
  69  9:02  Marine x2, Marauder  
  73  9:03  Orbital Command  
  73  9:05  SCV  
  74  9:10  SCV  
  75  9:22  Marine  
  75  9:23  Marine x2  
  78  9:24  SCV x2  
  78  9:26  Marine  
  78  9:27  Marine, Marauder  
  84  9:34  SCV  
  84  9:36  SCV x2  
  87  9:43  Marine x2  
  89  9:46  Marine  
  89  9:47  Marine x2  
  89  9:48  Marine, Siege Tank, SCV  
  89  9:49  Medivac  
  99  10:01  Marine x2  
  99  10:05  Marauder  
  86  10:15  Marine x2, Marauder  
  86  10:18  Marine  
  86  10:19  Marine  
  90  10:22  Terran Infantry Weapons Level 2  
  90  10:23  Ghost Academy  
  90  10:27  Marauder  
  92  10:29  SCV  
  92  10:30  SCV x2  
  92  10:35  Marine x2  
  94  10:36  Marine  
  94  10:41  SCV  
  94  10:42  Terran Infantry Armor Level 2, SCV  
  97  11:02  Marine x2  
  97  11:03  Marine x3, Marauder  
  104  11:06  Liberator  
  104  11:07  SCV  
  105  11:20  Marine x3, Ghost  
  105  11:23  Ghost  
  115  11:32  Marine  
  116  11:38  Supply Depot, Marine  
  117  11:40  Supply Depot  
  117  11:41  Marine, Siege Tank  
  121  11:49  Ghost  
  104  11:57  Liberator x2  
  88  12:12  Marine x4, Marauder  
  91  12:18  Marauder  
  93  12:29  Marine  
  93  12:30  Marine x3  
  93  12:34  SCV x3  
  93  12:35  Starport  
  100  12:37  Marine  
  100  12:39  Marine  
  100  12:40  Liberator  
  100  12:42  Supply Depot  
  102  12:46  SCV  
  102  12:47  Marine x2  
  102  12:49  Marine x2  
  107  12:54  SCV  
  107  12:55  Marauder, SCV  
  107  12:57  Marine  
  115  13:05  Marine  
  116  13:16  Personal Cloaking  
  109  13:29  Orbital Command  
  93  13:37  Marine x5, Marauder  
  93  13:45  Medivac x2  
  97  13:54  Marine  
  97  13:55  Marine x3  
  101  13:59  Barracks  
  101  14:01  Barracks  
  101  14:02  Refinery x2  
  101  14:03  SCV x3  
  104  14:14  Marine x4  
  104  14:15  SCV x3  
  111  14:19  Refinery  
  111  14:21  Refinery  
  111  14:25  Ghost x2  
  115  14:32  Marine  
  116  14:41  Marine x2  
  116  14:42  Marine  
  116  14:43  SCV x3  
  122  14:48  Command Center  
  122  14:50  Marine  
  122  14:51  Barracks Tech Lab x2  
  123  14:53  Ghost  
  123  14:54  Marine  
  123  14:55  SCV x3  
  123  14:59  Marine  
  129  15:07  SCV x2  
  129  15:08  SCV  
  125  15:18  Ghost x3  
  125  15:19  Marine x2, SCV  
  125  15:20  Marine  
  135  15:22  Ghost  
  135  15:27  Marine  
  138  15:35  Siege Tank  
  141  15:36  Medivac  
  141  15:37  Marine x3  
  146  15:42  Supply Depot  
  146  15:43  Supply Depot, SCV x2  
  146  15:44  Marine  
  146  15:45  SCV  
  146  15:46  Marine  
  146  15:47  Marine  
  152  15:50  Marine  
  152  15:51  Marine  
  152  15:55  SCV  
  152  15:56  SCV  
  156  16:12  Marine x2, Marauder  
  156  16:13  Marine x2, Marauder x3  
  168  16:22  Liberator  
  157  16:30  Marine x3  
  135  16:32  Marine  
  135  16:34  Marauder  
  135  16:35  Marine x2, Marauder  
  135  16:38  Siege Tank  
  135  16:39  Medivac  
  146  16:48  Marine x3  
  146  16:50  Marine  
  146  16:53  Marine, Marauder  
  147  16:54  Marine  
  147  16:56  Marine  
  149  17:06  Marine x3  
  149  17:07  SCV  
  154  17:10  Planetary Fortress  
  154  17:11  Marauder  
  154  17:12  Ghost  
  154  17:14  Ghost  
  159  17:18  Refinery x2  
  159  17:27  Marauder  
  161  17:30  Orbital Command  
  161  17:35  Refinery  
  161  17:38  Refinery  
  145  17:59  Marine  
  145  18:00  Marine x5, Ghost, Marauder  
  143  18:18  Ghost x2  
  147  18:20  Marine x3  
  147  18:21  Marine, Marauder  
  147  18:25  Liberator  
  150  18:29  Marauder  
  152  18:38  Marine x2  
  152  18:40  Marine  
  152  18:41  Marine  
  156  18:42  Medivac, Siege Tank  
  156  18:43  Marauder  
  156  18:47  Marine, Marauder  
  169  18:50  Marine  
  170  18:56  Marine x2  
  170  18:58  Marine x2  
  174  19:03  Marine  
  174  19:04  Marine  
  174  19:08  Marine, Marauder  
  179  19:12  Medivac  
  179  19:13  Marine  
  179  19:14  Marine  
  179  19:16  Marine x2  
  185  19:22  Marauder  
  187  19:30  Liberator  
  187  19:33  Marauder  
  166  19:44  Marine, Marauder x2  
  166  19:45  Marine x3, Marauder  
  167  19:46  Siege Tank  
  167  19:47  Medivac  
  175  19:54  Marauder  
  177  20:02  Marine  
  177  20:03  Marine x2  
  177  20:06  Marauder  
  179  20:09  Marauder  
  179  20:10  Marine, Marauder  
  184  20:16  Marauder  
  184  20:20  Marine x3  
  185  20:27  Marine, Marauder  
  174  20:30  Marine  
  174  20:31  Marauder  
  173  20:37  Marine  
  173  20:38  Marine x2  
  176  20:44  Marine  
  176  20:45  Marine  
  176  20:48  Marine  
  188  20:59  Supply Depot  
  188  21:03  Supply Depot  
Tags
 
Add a new tag
Caveats
  • Supply blocks, unpowered buildings, or Contaminate may cause inaccurate times.
  • Supply counts are checked every 10 seconds.